 Dungeon Crawl Stone Soup version 0.20-a0-949-g916514f (webtiles) character file.

56 AlphabetPasta the Scratcher (level 3, -3/17 HPs)
             Began as a Felid Chaos Knight on Apr 4, 2017.
             Slain by an adder (4 damage)
             ... on level 2 of the Dungeon.
             The game lasted 00:05:08 (1452 turns).

AlphabetPasta the Scratcher (Felid Chaos Knight)    Turns: 1452, Time: 00:05:08

Health: -3/17      AC:  1    Str:  9    XL:     3   Next: 69%
Magic:  4/4        EV: 19    Int: 13    God:    Xom [..*...]
Gold:   92         SH:  0    Dex: 15    Spells: 2/2 levels left
                                        Lives:  0   Deaths: 0

rFire    . . .     SeeInvis +     - Unarmed
rCold    . . .     Gourm    .   (shield unavailable)
rNeg     . . .     Faith    .   (armour unavailable)
rPois    .         Spirit   .   (helmet unavailable)
rElec    .         Reflect  .   (cloak unavailable)
rCorr    .         Harm     .   (gloves unavailable)
MR       .....                  (boots unavailable)
Stlth    ++........             (no amulet)
Regen    0.1/turn               (no ring)
MPRegen  0.1/turn               (no ring)

@: lethally poisoned (-3 -> -17), hasted, very quick
A: no armour, no weapons or thrown items, stealth, claws 1, fangs 3, see
invisible, carnivore 3, speed 1, shaggy fur 1, slow metabolism 1, sharp paws
a: Renounce Religion


You were on level 2 of the Dungeon.
You worshipped Xom.
You were a toy of Xom.
You were completely stuffed.

You visited 1 branch of the dungeon, and saw 2 of its levels.

You collected 92 gold pieces.

Inventory:

Jewellery
 d - a +2 ring of protection {unknown}
 m - an uncursed ring of see invisible {unknown}
Scrolls
 b - a scroll of enchant armour {unknown}
 f - a scroll of identify {unknown}
 h - a scroll of remove curse {unknown}
 i - a scroll of magic mapping {unknown}
 l - a scroll of teleportation {unknown}
 n - 2 scrolls of recharging {unknown}
Potions
 e - a potion of haste
 j - 2 potions of heal wounds {unknown}
 k - a potion of degeneration {unknown}
Comestibles
 a - a meat ration
 c - a royal jelly
 g - 10 chunks of flesh


   Skills:
 * Level 3.5 Fighting
 + Level 3.7 Dodging
 + Level 0.8 Stealth
 * Level 3.9 Unarmed Combat


You had 2 spell levels left.
You didn't know any spells.

Dungeon Overview and Level Annotations

Branches:
Dungeon (2/15)

Altars:
Ashenzari


Innate Abilities, Weirdness & Mutations

You cannot wear armour.
You are incapable of wielding weapons or throwing items.
Your paws allow you to move quietly. (Stealth)
You have sharp claws.
You have razor-sharp teeth.
You have supernaturally acute eyesight. (SInv)
You are carnivorous and can eat meat at any time.
You cover ground quickly.
You are covered in fur. (AC +1)
You have a slow metabolism.
Your sharp claws are effective at attacking unaware monsters.


Message History

The adder bites you.
You scratch the adder.
The adder is moderately wounded.
The adder bites you.
You are poisoned.
The adder poisons you!
You miss the adder. You bite the adder.
The adder is heavily wounded.
You feel sick. The adder completely misses you.
You miss the adder. You bite the adder.
The adder is severely wounded.
The adder bites you.
* * * LOW HITPOINT WARNING * * *
You are more poisoned.
The adder poisons you!
It was a potion of haste.
You feel yourself speed up.
Xom thinks this is hilarious!
* * * LOW HITPOINT WARNING * * *
You feel sick. The adder bites you.
You die...

#...######.#####)......### #...#
....##.......###.#l......# #...#
....##...........#.#.#.#.###...##
....##.......###.#...............
.#####...........#..#............
.## #.......###.#..#............
..# #......># #.........#...)...
..# #%......# #S##.#.####.#...#.
..# ###########@##.#.# #.#...#.
### ######.......# #.#...#. ####
#.....#.##.### #.#...#. ..<#
#.....####.# #.......
##.#######..........#### ###...##
...รท)..........#####...######.###
##.#######....)....#.....#.....>.
##.# #########.#..........### ...#
#.#.........##


You could see an adder.

Vanquished Creatures
  An adder (D:2)
  An ooze (D:1)
  2 leopard geckos (D:2)
  5 bats
  2 giant cockroaches
  3 goblins
  6 hobgoblins (D:1)
  6 jackals (D:2)
  2 ball pythons (D:2)
  A frilled lizard (D:1)
  3 kobolds
  7 rats
39 creatures vanquished.

Notes
Turn   | Place    | Note
-------+----------+-------------------------------------------
     0 | D:1      | AlphabetPasta the Felid Chaos Knight began the quest for the Orb.
     0 | D:1      | Reached XP level 1. HP: 10/10 MP: 2/2
   215 | D:1      | Reached XP level 2. HP: 11/14 MP: 3/3
   452 | D:1      | XOM: harmless Air miscast
   668 | D:1      | XOM is BORED!
   668 | D:1      | XOM: silly message
   784 | D:1      | You fall through a shaft!
   817 | D:2      | Reached XP level 3. HP: 16/17 MP: 4/4
   849 | D:2      | XOM: silly message
  1090 | D:2      | Found a shattered altar of Ashenzari.
  1219 | D:2      | XOM: butterfly on damage
  1452 | D:2      | Slain by an adder

Vault maps used:
D:1:      evilmike_arrival_plus, serial_park_tiny_pond
D:2:      ashenzari_conservatory_becter

Action                   || total
-------------------------++-------
Melee: Unarmed           ||   124
       Bite              ||    16
       Punch             ||     3
  Use: Potion            ||     1
 Stab: Sleeping          ||     6
  Eat: Chunk             ||     8
Armor: Skin              ||     4
Dodge: Dodged            ||    91
